 Dungeon Crawl Stone Soup version 0.29.1-12-g30fa7ad0bf (webtiles) character file.

Game seed: 13190814541718054049

95 venomsnake the Conjurer (level 4, -3/24 HPs)
             Began as a Deep Elf Conjurer on Dec 26, 2022.
             Succumbed to a scorpion's poison
             ... on level 3 of the Dungeon.
             The game lasted 00:14:32 (3108 turns).

venomsnake the Conjurer (Deep Elf Conjurer)         Turns: 3108, Time: 00:14:32

Health: -3/24      AC:  3    Str:  4    XL:     4   Next: 39%
Magic:  12/12      EV: 12    Int: 25    God:
Gold:   132        SH:  0    Dex: 13    Spells: 8/11 levels left

rFire   . . .      SeeInvis .   i - staff of conjuration
rCold   . . .      Faith    .   (no shield)
rNeg    . . .      Spirit   .   a - +0 robe
rPois   .          Reflect  .   (no helmet)
rElec   .          Harm     .   (no cloak)
rCorr   .          Rampage  .   k - +0 pair of gloves
Will    .....                   (no boots)
Stlth   +.........              (no amulet)
HPRegen 0.08/turn               (no ring)
MPRegen 0.13/turn               (no ring)

@: confused, lethally poisoned (-3 -> -21)
A: no striking features
a: no special abilities


You were on level 3 of the Dungeon.
You visited 1 branch of the dungeon, and saw 3 of its levels.

You collected 132 gold pieces.

Inventory:

Hand Weapons
 e - a +0 dagger
Missiles
 f - 68 stones
Armour
 a - a +0 robe (worn)
 k - a +0 pair of gloves (worn)
Magical Staves
 i - a staff of conjuration (weapon)
Scrolls
 c - a scroll of identify
 d - 2 scrolls of vulnerability
 h - a scroll of acquirement
 j - a scroll of blinking
 n - a scroll of poison {unknown}
 o - a scroll of immolation {unknown}
 p - a scroll of magic mapping {unknown}
Potions
 b - a potion of magic
 g - a potion of degeneration
 l - a potion of curing {unknown}
 m - a potion of invisibility {unknown}


   Skills:
 - Level 2.4 Dodging
 - Level 2.4 Stealth
 + Level 4.4 Spellcasting
 + Level 5.1 Conjurations
 + Level 2.3 Translocations


You had 8 spell levels left.
You knew the following spells:

 Your Spells              Type           Power      Damage    Failure   Level
a - Magic Dart            Conj           100%       1d8       1%          1
b - Searing Ray           Conj           94%        2d7       1%          2

Your spell library contained the following spells:

 Spells                   Type           Power      Damage    Failure   Level
 Apportation              Tloc           34%        N/A       3%          1
 Necrotise                Necr           20%        1d5       9%          1
 Sting                    Tmut/Pois      20%        1d4       9%          1
 Summon Small Mammal      Summ           20%        N/A       9%          1
 Dazzling Flash           Conj/Hex       54%        N/A       9%          3
 Poisonous Vapours        Pois/Air       10%        N/A       13%         2
 Iskenderun's Mystic Bla  Conj/Tloc      36%        2d9       19%         4
 Fulminant Prism          Conj/Hex       13%        3d9       30%         4
 Cause Fear               Hex            2%         N/A       65%         4
 Olgreb's Toxic Radiance  Pois           5%         N/A       65%         4
 Dragon Form              Tmut           2%         N/A       100%        7
 Dragon's Call            Summ           2%         N/A       100%        9


Dungeon Overview and Level Annotations

Branches:
Dungeon (3/15)

Altars:
Dithmenos

Portals:
Sewer: D:3


Message History

The searing ray hits the worm!
You kill the worm! (Press . to maintain the ray.)
You hear the quick rusting of a drain.
Found two scale mails.
You hear the rapid rusting of a drain very nearby.
A kobold comes into view.
It is wielding a +0 dagger of pain and carrying a wand of charming (15).
The kobold shouts!
The kobold zaps a wand.
Your will is overpowered!
You are confused.
You're too confused to cast spells.
Unknown command.
You're too confused to cast spells.
Unknown command.
You bump into the rock wall.
The kobold zaps a wand.
Your will is overpowered!
You are more confused.
You bump into the rock wall.
You bump into the rock wall.
The kobold zaps a wand.
Your will is overpowered!
You are more confused.
You're too confused to cast spells.
The kobold zaps a wand.
You resist with some effort.
You bump into the rock wall.
You bump into the rock wall.
The kobold hits you with a +0 dagger of pain.
The kobold attacks as you move away!
The kobold hits you with a +0 dagger of pain.
You're too confused to move!
The kobold zaps a wand.
Your will is overpowered!
You are more confused.
The scorpion stings you.
You are lethally poisoned!
The scorpion poisons you! The scorpion attacks as you move away!
The scorpion stings you.
You are more poisoned.
The scorpion poisons you!
* * * LOW HITPOINT WARNING * * *
You feel extremely sick.
* * * LOW HITPOINT WARNING * * *
You feel very sick.
You die...

#....#### ...
##..###..###..##.#
...##......##.##.#
......[##.....##.#
##....####.....#.#
##....# ##.......#
##.....##.....##.#
##.##......##.##.#
##..###..###.Ks.@#
.##...####...#.###
.# .........##.#
...#...#######.#
.#... ... ...#.#
#.# .... . ..#
..#.# .#. ..


You could see a scorpion and a kobold.

Vanquished Creatures
  An orc wizard (D:3)
  4 worms
  3 dart slugs (D:1)
  2 orcs
  3 bats (D:1)
  2 endoplasms
  2 giant cockroaches (D:1)
  8 goblins
  3 hobgoblins
  5 kobolds
  3 quokkas (D:1)
  6 ball pythons
  A frilled lizard (D:2)
  5 rats
48 creatures vanquished.

Notes
Turn   | Place    | Note
-------+----------+-------------------------------------------
     0 | D:1      | venomsnake the Deep Elf Conjurer began the quest for the
                  | Orb.
     0 | D:1      | Reached XP level 1. HP: 10/10 MP: 6/6
   271 | D:1      | Reached XP level 2. HP: 15/15 MP: 6/8
   274 | D:1      | Learned a level 2 spell: Searing Ray
   374 | D:1      | Reached skill level 1 in Translocations
   919 | D:1      | Reached XP level 3. HP: 19/19 MP: 5/10
  1043 | D:1      | Found a faded altar of an unknown god.
  1333 | D:1      | Identified a scroll of acquirement
  2519 | D:3      | Noticed a scorpion
  2669 | D:3      | Reached skill level 5 in Conjurations
  2669 | D:3      | Reached XP level 4. HP: 24/24 MP: 9/12
  2856 | D:3      | Found a shadowy altar of Dithmenos.
  2998 | D:3      | Found a glowing drain.
  3107 | D:3      | HP: 1/24 [poisoned by a scorpion]
  3108 | D:3      | Succumbed to a scorpion's poison

Illustrated notes

Levels and vault maps discovered:
D:1:      tarquinn_simple_flora_water_a, layout_basic,
          hellmonk_ecumenical_altar_zigzags
D:2:      layout_loops_ring
D:3:      layout_loops_ring, nicolae_dithmenos_shadow_blocks,
          cheibrodos_sewer_entry_drain, serial_shops, nicolae_shop_waterfront,
          kennysheep_decorative_pillar, hex_large, minmay_crystal_water,
          minmay_misc_feat_iff, chequers_serial_rivers_small_3,
          chequers_serial_rivers_room_b

Skill      XL: |  1  2  3 |
---------------+----------+-----
Translocations | 1 2 |  2.3
Spellcasting   | 4 |  4.4
Conjurations   | 5 |  5.1
Dodging        | |  2.4
Stealth        | |  2.4

Action                   |  1- 3 |  4- 6 || total
-------------------------+-------+-------++-------
Melee: Staff             |       |     6 ||     6
 Cast: Magic Dart        |    58 |     3 ||    61
       Searing Ray       |    20 |     8 ||    28
  Use: Scroll            |     4 |       ||     4
 Stab: Sleeping          |       |     1 ||     1
Armor: Robe              |     6 |     1 ||     7
Dodge: Dodged            |    10 |    10 ||    20
